AA
OKLAHOMA CITY 89'ERS @ ROCKFORD PLAYBOYS
04/25/2060
 
TOP OF THE 1ST
Oklahoma City 89'ers batting - Pitching for Rockford Playboys : LHP Tyler Warlow
Pitching: LHP Tyler Warlow
Batting: RHB Tyson Axtell 0-0: Foul Ball, location: 2F
0-1: Foul Ball, location: 2F
0-2: Strikes out looking
Batting: RHB Christopher Rasmussen 0-0: Called Strike
0-1: Swinging Strike
0-2: Ball
1-2: SINGLE (Groundball, 56S, EV 75.0 MPH) (infield hit)
Batting: LHB Adrien Davis 0-0: Called Strike
0-1: Foul Ball, location: 2F
0-2: Foul Ball, location: 2F
0-2: Strikes out swinging
Batting: RHB Joseph Skehan 0-0: Called Strike
0-1: Ball
1-1: Ball
2-1: Called Strike
2-2: Strikes out swinging
Top of the 1st over - 0 runs, 1 hit, 0 errors, 1 left on base; Oklahoma City 0 - Rockford 0
BOTTOM OF THE 1ST
Rockford Playboys batting - Pitching for Oklahoma City 89'ers : RHP Norris Simion
Pitching: RHP Norris Simion
Batting: SHB Dominick Edison 0-0: Ball
1-0: Called Strike
1-1: Ball
2-1: Called Strike
2-2: Ball
3-2: Fly out, F8 (Flyball, 8LS, EV 85.6 MPH)
Batting: LHB Dimitri Mallard 0-0: Foul Ball, location: 2F
0-1: Ground out 6-3 (Groundball, 6M, EV 105.6 MPH)
Batting: RHB Carter Carbon 0-0: Called Strike
0-1: Ball
1-1: Foul Ball, location: 2F
1-2: Foul Ball, location: 2F
1-2: DOUBLE (Line Drive, 5D, EV 100.0 MPH)
Batting: LHB Skylar Reid 0-0: Ball
1-0: Called Strike
1-1: Ball
2-1: Ground out 4-3 (Groundball, 4, EV 82.5 MPH)
Bottom of the 1st over - 0 runs, 1 hit, 0 errors, 1 left on base; Oklahoma City 0 - Rockford 0
TOP OF THE 2ND
Oklahoma City 89'ers batting - Pitching for Rockford Playboys : LHP Tyler Warlow
Batting: RHB Logan Michalski 0-0: Foul Ball, location: 2F
0-1: Foul Ball, location: 2F
0-2: SOLO HOME RUN (Flyball, 7D, EV 100.6 MPH), Distance : 386 ft
Batting: RHB Roger D'Andrea 0-0: Ball
1-0: Ball
2-0: Foul Ball, location: 2F
2-1: Ball
3-1: Foul Ball, location: 2F
3-2: SINGLE (Popup, 4D, EV 53.1 MPH)
Batting: RHB Mitchell Bryant 0-0: Foul Ball, location: 2F
0-1: Ball
1-1: Swinging Strike
1-2: Strikes out looking
Batting: RHB J.R. Foley 0-0: Called Strike
Roger D'Andrea is caught stealing 2nd base 2-4
0-1: Foul Ball, location: 2F
0-2: DOUBLE (Line Drive, 9LM, EV 107.5 MPH)
Batting: LHB Alvan Goldsmith 0-0: Ball
1-0: Ball
2-0: Ball
3-0: Called Strike
3-1: Foul Ball, location: 2F
3-2: Base on Balls
Batting: RHB Tyson Axtell 0-0: Called Strike
0-1: Ball
1-1: Swinging Strike
1-2: Ball
2-2: Foul Ball, location: 2F
2-2: Foul Ball, location: 2F
2-2: Foul Ball, location: 2F
2-2: Foul Ball, location: 2F
2-2: Ground out 6-3 (Groundball, 6S, EV 62.5 MPH)
Top of the 2nd over - 1 run, 3 hits, 0 errors, 2 left on base; Oklahoma City 1 - Rockford 0
BOTTOM OF THE 2ND
Rockford Playboys batting - Pitching for Oklahoma City 89'ers : RHP Norris Simion
Batting: RHB Edward Cain 0-0: Ball
1-0: Called Strike
1-1: Fly out, F9 (Flyball, 89S, EV 81.2 MPH)
Batting: LHB Billy Cowger 0-0: Ball
1-0: Swinging Strike
1-1: Ball
2-1: Foul Ball, location: 2F
2-2: SINGLE (Line Drive, 8LS, EV 95.6 MPH)
Batting: SHB Donavan Bonner 0-0: Swinging Strike
0-1: Ball
1-1: Ball
2-1: Swinging Strike
2-2: Foul Ball, location: 2F
2-2: Strikes out swinging
Batting: RHB Lavan Lehtera 0-0: Ball
Billy Cowger steals 2nd base
1-0: Swinging Strike
1-1: Swinging Strike
1-2: Strikes out looking
Bottom of the 2nd over - 0 runs, 1 hit, 0 errors, 1 left on base; Oklahoma City 1 - Rockford 0
TOP OF THE 3RD
Oklahoma City 89'ers batting - Pitching for Rockford Playboys : LHP Tyler Warlow
Batting: RHB Christopher Rasmussen 0-0: Called Strike
0-1: Ball
1-1: Foul Ball, location: 2F
1-2: Ball
2-2: DOUBLE (Flyball, 7LD, EV 103.8 MPH)
Batting: LHB Adrien Davis 0-0: Called Strike
Christopher Rasmussen is caught stealing 3rd base 2-5
0-1: Ball
1-1: Ball
2-1: Called Strike
2-2: Strikes out swinging
Batting: RHB Joseph Skehan 0-0: Called Strike
0-1: Ball
1-1: Foul Ball, location: 2F
1-2: Ball
2-2: Strikes out looking
Top of the 3rd over - 0 runs, 1 hit, 0 errors, 0 left on base; Oklahoma City 1 - Rockford 0
BOTTOM OF THE 3RD
Rockford Playboys batting - Pitching for Oklahoma City 89'ers : RHP Norris Simion
Batting: RHB Kennedy Mejia 0-0: Ball
1-0: Ball
2-0: Ball
3-0: Called Strike
3-1: Foul Ball, location: 2F
3-2: Foul Ball, location: 2F
3-2: Strikes out swinging
Batting: SHB Dominick Edison 0-0: Ball
1-0: Swinging Strike
1-1: Ball
2-1: Ball
3-1: Base on Balls
Batting: LHB Dimitri Mallard 0-0: Ball
1-0: Called Strike
1-1: SINGLE (Groundball, 4MD, EV 106.2 MPH)
Dominick Edison to second
Runner from 2nd tries for 3rd, OUT! 8-5
Dimitri Mallard to second
Batting: RHB Carter Carbon 0-0: Ball
1-0: Ground out 4-3 (Groundball, 4S, EV 85.6 MPH)
Bottom of the 3rd over - 0 runs, 1 hit, 0 errors, 1 left on base; Oklahoma City 1 - Rockford 0
TOP OF THE 4TH
Oklahoma City 89'ers batting - Pitching for Rockford Playboys : LHP Tyler Warlow
Batting: RHB Logan Michalski 0-0: Ground out 6-3 (Groundball, 56, EV 82.5 MPH)
Batting: RHB Roger D'Andrea 0-0: Called Strike
0-1: Ball
1-1: Called Strike
1-2: Foul Ball, location: 2F
1-2: SOLO HOME RUN (Flyball, 78XD, EV 105.0 MPH), Distance : 417 ft
Batting: RHB Mitchell Bryant 0-0: Ball
1-0: Called Strike
1-1: Called Strike
1-2: Ball
2-2: Foul Ball, location: 2F
2-2: Ground out 4-3 (Groundball, 4, EV 85.0 MPH)
Batting: RHB J.R. Foley 0-0: Called Strike
0-1: Ball
1-1: Ball
2-1: Ball
3-1: DOUBLE (Flyball, 8RXD, EV 96.2 MPH)
Batting: LHB Alvan Goldsmith 0-0: Called Strike
0-1: Ball
1-1: Called Strike
1-2: Ball
2-2: DOUBLE (Flyball, 78XD, EV 96.9 MPH)
J.R. Foley scores
Batting: RHB Tyson Axtell 0-0: 2-RUN HOME RUN (Flyball, 78XD, EV 106.2 MPH), Distance : 407 ft
Pitching: RHP Derek Curran
Batting: RHB Christopher Rasmussen 0-0: Swinging Strike
0-1: Fly out, F6 (Popup, 15S, EV 95.6 MPH)
Top of the 4th over - 4 runs, 4 hits, 0 errors, 0 left on base; Oklahoma City 5 - Rockford 0
BOTTOM OF THE 4TH
Rockford Playboys batting - Pitching for Oklahoma City 89'ers : RHP Norris Simion
Batting: LHB Skylar Reid 0-0: Swinging Strike
0-1: Ball
1-1: Foul Ball, location: 2F
1-2: Ball
2-2: Ball
3-2: Base on Balls
Batting: RHB Edward Cain 0-0: Ball
1-0: Called Strike
1-1: Foul Ball, location: 2F
1-2: Fly out, F8 (Flyball, 89M, EV 80.0 MPH)
Batting: LHB Billy Cowger 0-0: Ball
1-0: Ball
2-0: Called Strike
2-1: Swinging Strike
2-2: Strikes out swinging
Batting: SHB Donavan Bonner 0-0: Ball
1-0: Ball
2-0: Foul Ball, location: 2F
2-1: Called Strike
2-2: Strikes out looking
Bottom of the 4th over - 0 runs, 0 hits, 0 errors, 1 left on base; Oklahoma City 5 - Rockford 0
TOP OF THE 5TH
Oklahoma City 89'ers batting - Pitching for Rockford Playboys : RHP Derek Curran
Batting: LHB Adrien Davis 0-0: Fly out, F8 (Line Drive, 8LD, EV 96.2 MPH)
Batting: RHB Joseph Skehan 0-0: Foul Ball, location: 2F
0-1: Foul Ball, location: 2F
0-2: Strikes out swinging
Batting: RHB Logan Michalski 0-0: Ball
1-0: Foul Ball, location: 2F
1-1: Ball
2-1: Foul Ball, location: 2F
2-2: Strikes out swinging
Top of the 5th over - 0 runs, 0 hits, 0 errors, 0 left on base; Oklahoma City 5 - Rockford 0
BOTTOM OF THE 5TH
Rockford Playboys batting - Pitching for Oklahoma City 89'ers : RHP Norris Simion
Batting: RHB Lavan Lehtera 0-0: Fly out, F9 (Flyball, 9LM, EV 95.6 MPH)
Batting: RHB Kennedy Mejia 0-0: Ball
1-0: Called Strike
1-1: Foul Ball, location: 2F
1-2: Ball
2-2: Foul Ball, location: 2F
2-2: Foul Ball, location: 2F
2-2: Fly out, F7 (Flyball, 7S, EV 97.5 MPH)
Batting: SHB Dominick Edison 0-0: Swinging Strike
0-1: Foul Ball, location: 2F
0-2: DOUBLE (Line Drive, 9LD, EV 105.0 MPH)
Batting: LHB Dimitri Mallard 0-0: Called Strike
0-1: Ground out 6-3 (Groundball, 4MS, EV 91.2 MPH)
Bottom of the 5th over - 0 runs, 1 hit, 0 errors, 1 left on base; Oklahoma City 5 - Rockford 0
TOP OF THE 6TH
Oklahoma City 89'ers batting - Pitching for Rockford Playboys : RHP Derek Curran
Batting: RHB Roger D'Andrea 0-0: Ball
1-0: Called Strike
1-1: Swinging Strike
1-2: Strikes out looking
Batting: RHB Mitchell Bryant 0-0: Ground out 4-3 (Groundball, 4, EV 83.1 MPH)
Batting: RHB J.R. Foley 0-0: Called Strike
0-1: Swinging Strike
0-2: Ball
1-2: Ball
2-2: Ball
3-2: Strikes out looking
Top of the 6th over - 0 runs, 0 hits, 0 errors, 0 left on base; Oklahoma City 5 - Rockford 0
BOTTOM OF THE 6TH
Rockford Playboys batting - Pitching for Oklahoma City 89'ers : RHP Norris Simion
Batting: RHB Carter Carbon 0-0: Ball
1-0: Ball
2-0: Ball
3-0: Base on Balls
Batting: LHB Skylar Reid 0-0: Called Strike
0-1: Ball
1-1: Swinging Strike
1-2: Fly out, F9 (Flyball, 9, EV 88.1 MPH)
Batting: RHB Edward Cain 0-0: Ball
1-0: Swinging Strike
1-1: Ball
2-1: Fly out, F8 (Flyball, 8RM, EV 87.5 MPH)
Batting: LHB Billy Cowger 0-0: Fly out, F8 (Line Drive, 8LD, EV 103.1 MPH)
Bottom of the 6th over - 0 runs, 0 hits, 0 errors, 1 left on base; Oklahoma City 5 - Rockford 0
TOP OF THE 7TH
Oklahoma City 89'ers batting - Pitching for Rockford Playboys : RHP Derek Curran
Batting: LHB Alvan Goldsmith 0-0: Foul Ball, location: 2F
0-1: Ball
1-1: Ground out 4-3 (Groundball, 4, EV 86.2 MPH)
Batting: RHB Tyson Axtell 0-0: Called Strike
0-1: Ball
1-1: Fly out, F8 (Flyball, 8LD, EV 98.1 MPH)
Batting: RHB Christopher Rasmussen 0-0: Ball
1-0: Swinging Strike
1-1: Called Strike
1-2: Strikes out looking
Top of the 7th over - 0 runs, 0 hits, 0 errors, 0 left on base; Oklahoma City 5 - Rockford 0
BOTTOM OF THE 7TH
Rockford Playboys batting - Pitching for Oklahoma City 89'ers : RHP Norris Simion
Batting: SHB Donavan Bonner 0-0: Fly out, F9 (Flyball, 9LM, EV 95.6 MPH)
Batting: RHB Lavan Lehtera 0-0: Ball
1-0: Ball
2-0: Called Strike
2-1: Ball
3-1: Base on Balls
Batting: RHB Kennedy Mejia 0-0: Called Strike
0-1: Ball
1-1: Ball
2-1: Foul Ball, location: 2F
2-2: Ball
3-2: Strikes out swinging
Lavan Lehtera is caught stealing 2nd base 2-4
Batter strikes out.
Bottom of the 7th over - 0 runs, 0 hits, 0 errors, 0 left on base; Oklahoma City 5 - Rockford 0
TOP OF THE 8TH
Oklahoma City 89'ers batting - Pitching for Rockford Playboys : RHP Derek Curran
Batting: LHB Adrien Davis 0-0: Foul Ball, location: 2F
0-1: Foul Ball, location: 2F
0-2: Foul Ball, location: 2F
0-2: Ball
1-2: Strikes out swinging
Batting: RHB Joseph Skehan 0-0: SINGLE (Groundball, P, EV 92.5 MPH) (infield hit)
Batting: RHB Logan Michalski 0-0: Called Strike
0-1: Ball
1-1: Called Strike
1-2: Ball
2-2: Grounds into double play, 4-6-3 (Groundball, 34, EV 102.5 MPH)
Top of the 8th over - 0 runs, 1 hit, 0 errors, 0 left on base; Oklahoma City 5 - Rockford 0
BOTTOM OF THE 8TH
Rockford Playboys batting - Pitching for Oklahoma City 89'ers : RHP Norris Simion
Pitching: RHP Kody Wood
Batting: SHB Dominick Edison 0-0: Ground out 4-3 (Groundball, 4M, EV 80.0 MPH)
Batting: LHB Dimitri Mallard 0-0: Ball
1-0: Swinging Strike
1-1: Foul Ball, location: 2F
1-2: Ground out U3 (Groundball, 3L, EV 81.2 MPH)
Batting: RHB Carter Carbon 0-0: Called Strike
0-1: Ball
1-1: Fly out, F7 (Flyball, 7, EV 85.6 MPH)
Bottom of the 8th over - 0 runs, 0 hits, 0 errors, 0 left on base; Oklahoma City 5 - Rockford 0
TOP OF THE 9TH
Oklahoma City 89'ers batting - Pitching for Rockford Playboys : RHP Derek Curran
Batting: RHB Roger D'Andrea 0-0: Called Strike
0-1: Ball
1-1: Fly out, F8 (Flyball, 8RXD, EV 103.1 MPH)
Batting: RHB Mitchell Bryant 0-0: Ball
1-0: Called Strike
1-1: Fly out, F7 (Flyball, 7, EV 78.8 MPH)
Batting: RHB J.R. Foley 0-0: Ball
1-0: Called Strike
1-1: Fly out, F7 (Flyball, 7LSF, EV 74.4 MPH)
Top of the 9th over - 0 runs, 0 hits, 0 errors, 0 left on base; Oklahoma City 5 - Rockford 0
BOTTOM OF THE 9TH
Rockford Playboys batting - Pitching for Oklahoma City 89'ers : RHP Kody Wood
Batting: LHB Skylar Reid 0-0: Called Strike
0-1: Ball
1-1: Ball
2-1: Foul Ball, location: 2F
2-2: SOLO HOME RUN (Flyball, 89XD, EV 103.1 MPH), Distance : 413 ft
Batting: RHB Edward Cain 0-0: Ball
1-0: Called Strike
1-1: Ball
2-1: Foul Ball, location: 2F
2-2: Foul Ball, location: 2F
2-2: Fly out, F3 (Popup, 3SF, EV 73.1 MPH)
Batting: LHB Billy Cowger 0-0: SINGLE (Groundball, 13S, EV 63.1 MPH) (infield hit)
Batting: SHB Donavan Bonner 0-0: Called Strike
0-1: Ball
1-1: Ball
2-1: SINGLE (Flyball, 89S, EV 94.4 MPH)
Billy Cowger to second
Pitching: RHP Jonas LaBelle
Batting: RHB Lavan Lehtera 0-0: Ball
1-0: Fly out, F3 (Popup, 3S, EV 75.6 MPH)
Batting: RHB Kennedy Mejia 0-0: Swinging Strike
0-1: Foul Ball, location: 2F
0-2: Foul Ball, location: 2F
0-2: SINGLE (Groundball, 5S, EV 70.6 MPH) (infield hit)
Billy Cowger to third
Donavan Bonner to second
Batting: SHB Dominick Edison 0-0: Ball
1-0: Foul Ball, location: 2F
1-1: Ball
2-1: Swinging Strike
2-2: Ball
3-2: Strikes out looking
Bottom of the 9th over - 1 run, 4 hits, 0 errors, 3 left on base; Oklahoma City 5 - Rockford 1
Monday, April 29th , 2024 - OOTP Baseball 23.10 Build 110